 Dungeon Crawl Stone Soup version 0.29.1-15-g9cfb28693d (webtiles) character file.

Game seed: 15217789486035123373

223 croobank the Ruffian (level 5, 0/53 HPs)
             Began as a Troll Fighter on Apr 22, 2023.
             Slain by a gnoll
             ... wielding a +2 spear of freezing
             ... led by a gnoll bouda
              (2 damage)
             ... on level 4 of the Dungeon.
             The game lasted 00:06:55 (1553 turns).

croobank the Ruffian (Troll Fighter)                Turns: 1553, Time: 00:06:55

Health: 0/53       AC:  5    Str: 24    XL:     5   Next: 66%
Magic:  4/4        EV:  8    Int:  6    God:
Gold:   103        SH:  7    Dex:  9    Spells: 4/4 levels left

rFire   . . .      SeeInvis .     - Unarmed
rCold   . . .      Faith    .   b - +0 kite shield
rNeg    . . .      Spirit   .   a - +0 robe
rPois   .          Reflect  .   (helmet restricted)
rElec   .          Harm     .   o - +0 cloak
rCorr   .          Rampage  .   (gloves unavailable)
Will    .....                   (boots unavailable)
Stlth   +.........              (no amulet)
HPRegen 0.97/turn               (no ring)
MPRegen 0.09/turn               (no ring)

@: mighty
A: large, unfitting armour, claws 3, regeneration 1, shaggy fur 1, tough skin 1
a: no special abilities


You were on level 4 of the Dungeon.
You visited 1 branch of the dungeon, and saw 4 of its levels.

You collected 103 gold pieces.

Inventory:

Armour
 a - a +0 robe (worn)
 b - a +0 kite shield (worn)
 o - a +0 cloak (worn)
Scrolls
 e - a scroll of butterflies
 f - a scroll of enchant weapon {unknown}
 h - 3 scrolls of identify {unknown}
 i - 2 scrolls of enchant armour {unknown}
 n - a scroll of amnesia
Potions
 c - a potion of might
 d - 4 potions of heal wounds {unknown}
 g - a potion of curing {unknown}
 j - a potion of resistance {unknown}
 k - a potion of mutation {unknown}
 l - a potion of degeneration {unknown}
 m - a potion of flight {unknown}
 p - 2 potions of magic {unknown}


   Skills:
 + Level 3.3 Fighting
 - Level 2.4 Dodging
 + Level 3.7 Shields
 * Level 4.4 Unarmed Combat


You had 4 spell levels left.
You didn't know any spells.
Your spell library was empty.

Dungeon Overview and Level Annotations

Branches:
Dungeon (4/15)
 Temple: D:4-7

Altars:
Okawaru
Yredelemnul

Annotations:
D:3 Sigmund


Innate Abilities, Weirdness & Mutations

You are too large for most types of armour.
You have claws for hands.
Your natural rate of healing is unusually fast.
You are covered in fur. (AC +1)
You have tough skin. (AC +1)


Message History

The gnoll completely misses you.
The gnoll bouda barks out a call to the hunt!
The gnoll picks up the pace!
You claw the gnoll bouda!
The gnoll bouda is severely wounded.
The gnoll barely misses you.
The gnoll bouda hits you with a +0 club!
You scratch the gnoll bouda but do no damage.
The gnoll bouda is severely wounded.
You block the gnoll's attack. You block the gnoll bouda's attack.
You scratch the gnoll bouda but do no damage.
The gnoll bouda is severely wounded.
The gnoll barely misses you.
The gnoll hits you from afar with a +0 spear.
The gnoll bouda hits you with a +0 club.
You claw the gnoll bouda!
You kill the gnoll bouda!
Your attacks no longer feel as feeble.
You block the gnoll's attack.
The gnoll hits you from afar with a +2 spear of freezing.
* * * LOW HITPOINT WARNING * * *
The gnoll freezes you.
* * * LOW HITPOINT WARNING * * *
The gnoll barely misses you. You block the gnoll's attack.
Things that are here:
a +0 club; a +0 robe You feel very mighty all of a sudden.
You block the gnoll's attack.
The gnoll hits you with a +2 spear of freezing.
* * * LOW HITPOINT WARNING * * *
The gnoll freezes you.
* * * LOW HITPOINT WARNING * * *
You scratch the gnoll.
The gnoll is heavily wounded.
The gnoll hits you with a +0 spear.
* * * LOW HITPOINT WARNING * * *
The gnoll hits you with a +2 spear of freezing.
* * * LOW HITPOINT WARNING * * *
The gnoll freezes you.
You die...

...# #..# #gg#
#.g #g# ###.#
#### #...#
##..###
#######g######
#~.....
#>.....g@....#
##~..###
#.#####.####.#
#~~~.# #.#
#.####.#
##~~#.### #.#
#...##.#
#~~##.... #.#
###.##.#
#~~###### #.#
#.##.# #~## #
#.# #####.##~#
##~# #
#.###......#~#
#~~# #
#.........##~#
#~~# #


You could see 2 gnolls.

Vanquished Creatures
  A phantom (D:2)
  A gnoll bouda (D:4)
  Robin (D:3)
  A gnoll (D:1)
  2 adders
  A worm (D:3)
  A dart slug (D:1)
  3 orcs (D:3)
  3 ball pythons
  3 bats
  4 endoplasms
  A giant cockroach (D:1)
  15 goblins
  7 hobgoblins
  8 jackals
  3 kobolds (D:1)
  3 quokkas
  7 frilled lizards
  2 rats (D:3)
67 creatures vanquished.

Vanquished Creatures (others)
  A white imp (D:4)
1 creature vanquished.

Grand Total: 68 creatures vanquished

Notes
Turn   | Place    | Note
-------+----------+-------------------------------------------
     0 | D:1      | croobank the Troll Fighter began the quest for the Orb.
     0 | D:1      | Reached XP level 1. HP: 22/22 MP: 0/0
    66 | D:1      | Reached XP level 2. HP: 24/29 MP: 1/1
   344 | D:1      | Reached XP level 3. HP: 29/36 MP: 2/2
   435 | D:1      | Found a faded altar of an unknown god.
   496 | D:1      | Reached skill level 3 in Unarmed Combat
   706 | D:2      | Noticed a phantom
   731 | D:2      | Killed a phantom
   732 | D:2      | Reached XP level 4. HP: 29/45 MP: 3/3
   834 | D:2      | Found an iron altar of Okawaru.
  1171 | D:3      | Found a basalt altar of Yredelemnul.
  1224 | D:3      | Reached XP level 5. HP: 53/53 MP: 4/4
  1228 | D:3      | Reached skill level 4 in Unarmed Combat
  1242 | D:3      | Noticed Sigmund
  1301 | D:3      | Noticed Robin
  1361 | D:3      | Killed Robin
  1553 | D:4      | HP: 2/53 [gnoll/+2 spear of freezing[a gnoll bouda] (5)]
  1553 | D:4      | Slain by a gnoll

Illustrated notes

Levels and vault maps discovered:
D:1:      sevenhm_arrival_forest_fort_small_6, layout_basic,
          ebering_ecumenical_altar_box, minmay_pentomino_r2
D:2:      layout_rooms, basic_altar
D:3:      layout_rooms, mainiacjoe_overflow_tiny_flanked, uniq_sigmund,
          uniq_robin
D:4:      layout_loops_ring, lemuel_temple_firewalk_b, portal_sewer_entry_a,
          corexii_corridor_pit, chequers_serial_rivers_marsh,
          minmay_strange_pillars, chequers_serial_rivers_large_b

Skill      XL: |  1  2  3  4  5 |
---------------+----------------+-----
Shields        | 3 |  3.7
Unarmed Combat | 3 4 |  4.4
Fighting       | 3 |  3.3
Dodging        | |  2.4

Action                   |  1- 3 |  4- 6 || total
-------------------------+-------+-------++-------
Melee: Unarmed           |    89 |   116 ||   205
  Use: Scroll            |     5 |     1 ||     6
       Potion            |       |     1 ||     1
Armor: Robe              |    33 |    58 ||    91
Dodge: Dodged            |    39 |    68 ||   107
Block: Kite shield       |    23 |    70 ||    93
